 Seeded DCSS version 0.31-a0-229-g1fc7ce93e2 (webtiles) character file.

Game seed: 705649268257728946 (custom seed)

21 innerfire43 the Trooper (level 2, -7/24 HPs)
             Began as a Demonspawn Monk on July 6, 2023.
             Mangled by Terence
             ... wielding a +0 mace
              (11 damage)
             ... on level 2 of the Dungeon.
             The game lasted 00:00:44 (821 turns).

innerfire43 the Trooper (Demonspawn Monk)            Turns: 821, Time: 00:00:45

Health: -7/24      AC:  2    Str: 11    XL:     2   Next: 65%
Magic:  2/2        EV: 13    Int: 11    God:
Gold:   38         SH:  0    Dex: 15    Spells: 1/1 levels left

rFire   + . .        a - +0 hand axe
rCold   + . .        d - orb {light}
rNeg    . . .        b - +0 robe
rPois   +            (no helmet)
rElec   +            (no cloak)
rCorr   +            (no gloves)
SInv    .            (no boots)
Will    .....        (no amulet)
Stlth   +            (no ring)
HPRegen 0.24/turn    (no ring)
MPRegen 0.08/turn

%: no passive effects
@: confused, resistant, ambrosia-drunk, glowing
A: claws 1
a: no special abilities


You were on level 2 of the Dungeon.
You visited 1 branch of the dungeon, and saw 2 of its levels.

You collected 38 gold pieces.

Inventory:

Hand Weapons
 a - a +0 hand axe (weapon)
Armour
 b - a +0 robe (worn)
 d - an orb of light (worn)
Scrolls
 g - a scroll of blinking {unknown}
 i - a scroll of immolation {unknown}
 j - a scroll of teleportation {unknown}
 k - a scroll of fog {unknown}
 l - a scroll of identify {unknown}
 m - a scroll of acquirement {unknown}
Potions
 c - a potion of ambrosia
 e - 2 potions of mutation {unknown}
 f - a potion of berserk rage {unknown}


   Skills:
 + Level 3.3 Fighting
 + Level 3.0 Axes
 + Level 3.0 Dodging


You had one spell level left.
You didn't know any spells.
Your spell library was empty.

Dungeon Overview and Level Annotations

Branches:
Dungeon (2/15)

Altars:

Annotations:
D:2 Terence


Innate Abilities, Weirdness & Mutations

You have sharp fingernails.


Message History

Terence is lightly wounded.
You hit the rat.
You kill the rat!
Terence hits you with a +0 mace!
You hit Terence.
Terence is moderately wounded.
Terence closely misses you.
You hit Terence but do no damage.
Terence is moderately wounded.
You barely miss the rat. The rat bites you. Terence barely misses you.
You hit Terence but do no damage.
Terence is moderately wounded.
You hit the rat. The rat barely misses you. Terence hits you with a +0 mace.
* * * LOW HITPOINT WARNING * * *
You are confused.
You feel invigorated. The rat barely misses you.
Terence hits you with a +0 mace.
* * * LOW HITPOINT WARNING * * *
The rat barely misses you.
Terence zaps a wand.
The puff of flame hits you. You resist.
* * * LOW HITPOINT WARNING * * *
The rat bites you but does no damage.
Terence zaps a wand.
The puff of flame misses you.
You're too confused to move!
The rat completely misses you.
You're too confused to move!
The rat barely misses you. Terence hits you with a +0 mace!
You bump into the rock wall.
The rat misses you.
Terence zaps a wand.
The puff of flame hits you. You resist.
You're too confused to move!
The rat barely misses you. Terence hits you with a +0 mace!
* * * LOW HITPOINT WARNING * * *
You are more confused.
You feel more invigorated. The rat barely misses you.
Terence zaps a wand.
The puff of flame hits you. You resist.
* * * LOW HITPOINT WARNING * * *
Found a faded altar of an unknown god.
The rat bites you.
* * * LOW HITPOINT WARNING * * *
Terence screams, "I'm going to kill you!"
Terence hits you with a +0 mace!
You die...

#............
#...........#
_...........#
..........#
.........# #.......#
#......># #..@r.#.#
#...@.#.#
.....#+##.#.###.#
.... #........# ...
#.####.####### ..
#............. .
.....####†########.#
... #.....)...... .
#..########.#


You could see Terence and a rat.

Vanquished Creatures
  A dart slug (D:2)
  2 bats (D:1)
  An endoplasm (D:2)
  A goblin (D:1)
  5 hobgoblins
  A quokka (D:2)
  A frilled lizard (D:1)
  4 kobolds
  2 rats
18 creatures vanquished.

Notes
Turn   | Place    | Note
-------+----------+-------------------------------------------
     0 | D:1      | innerfire43 the Demonspawn Monk began the quest for the
                  | Orb.
     0 | D:1      | Reached XP level 1. HP: 18/18 MP: 1/1
   387 | D:1      | Gained mutation: You have sharp fingernails. [demonic
                  | ancestry]
   387 | D:1      | Reached XP level 2. HP: 20/24 MP: 2/2
   804 | D:2      | Noticed Terence
   821 | D:2      | Found a faded altar of an unknown god.
   821 | D:2      | Mangled by Terence

Illustrated notes

Levels and vault maps discovered:
D:1:      minmay_arrival_widening_spiral_narrow, layout_basic
D:2:      layout_basic, shapermc_ecumenical_altar_mp_highgroup, uniq_terence,
          uniq_sigmund

Skill      XL: |  1  2 |
---------------+-------+-----
Dodging        | 3 |  3.0
Axes           | 3 |  3.0
Fighting       | |  3.3

Action                     || total
---------------------------++-------
  Melee: Hand axe          ||    40
    Use: Potion            ||     3
 Armour: Robe              ||    15
  Dodge: Dodged            ||    41

Table legend: (Time is in decaauts)
 A = Elapsed time spent in this place.
 B = Non-inter-level travel time spent in this place.
 C = Inter-level travel time spent in this place.
 D = Time resting spent in this place.
 E = Time spent auto-exploring this place.
 F = Levels seen in this place.
 G = Mean time per level.
                   A        B        C        D        E       F      G
               +--------+--------+--------+--------+--------+-----+--------+
         Total |    826 |    781 |     45 |      0 |    651 |   2 |  413.0 |
       Dungeon |    826 |    781 |     45 |      0 |    651 |   2 |  413.0 |
               +--------+--------+--------+--------+--------+-----+--------+

Top non-repeatable levels by time:
     D:1: 632 daAuts
     D:2: 194 daAuts
